Map: Terraform LE (Void)

Players

호로록 (DRG)

  • Race: Zerg Zerg
  • League: Grandmaster

BravO - Winner!

  • Race: Terran Terran
  • League: Master

Event: Team Gravity's Fight Night #36

VOD

https://youtu.be/mDOyxl6cnkg?t=1m17s

Description

Time

  • Played on: Oct. 25, 2015, 8:11 p.m.
  • Length: 6:26

All games in this series

Show
View Real Time Build Order
Export as new Build Order

호로록 Zerg 

Build Orders: Hatch First, Roach Nydus 

Get SALT Encoding   

  12  0:01  Drone  
  13  0:12  Overlord  
  13  0:17  Drone  
  14  0:31  Drone x2  
  14  0:34  Drone  
  17  0:45  Drone  
  18  0:56  Hatchery  
  17  0:59  Drone  
  17  1:02  Extractor  
  17  1:15  Spawning Pool  
  17  1:17  Drone  
  17  1:21  Drone  
  18  1:28  Drone  
  19  1:38  Overlord  
  19  2:02  Zergling x2, Queen  
  19  2:04  Metabolic Boost  
  19  2:06  Zergling x2  
  23  2:08  Queen  
  23  2:09  Zergling x2  
  23  2:13  Drone  
  27  2:19  Drone  
  27  2:21  Drone  
  29  2:34  Drone  
  29  2:35  Drone  
  31  2:37  Queen  
  31  2:44  Overlord  
  33  2:45  Drone  
  33  2:51  Drone  
  33  2:57  Lair  
  34  2:59  Overlord  
  34  3:05  Drone  
  35  3:07  Drone  
  35  3:09  Drone x2  
  35  3:12  Overlord  
  38  3:19  Drone  
  39  3:23  Drone x3  
  39  3:25  Overlord  
  42  3:28  Drone  
  42  3:32  Drone  
  44  3:35  Extractor  
  44  3:36  Extractor  
  44  3:40  Roach Warren, Drone  
  42  3:43  Drone  
  42  3:47  Drone  
  44  3:49  Drone x3  
  44  3:52  Drone  
  44  3:54  Drone  
  49  4:01  Nydus Network  
  48  4:05  Overseer  
  48  4:08  Overlord  
  48  4:11  Queen  
  48  4:15  Overlord  
  50  4:21  Roach  
  50  4:22  Roach  
  50  4:23  Roach  
  55  4:28  Roach  
  55  4:30  Roach  
  59  4:38  Roach  
  59  4:40  Nydus Canal  
  59  4:42  Roach x2  
  64  4:56  Roach x2  
  63  5:06  Roach x2  
  58  5:09  Roach  
  58  5:10  Roach  
  58  5:12  Queen  
  53  5:24  Queen  
  51  5:32  Nydus Canal  
  49  5:37  Roach  
  51  5:47  Roach  
  53  5:53  Roach  
  51  5:58  Overlord  
Show
View Real Time Build Order
Export as new Build Order

BravO Terran - Winner!

Build Orders: Liberator Opening, Reaper Expand 

Get SALT Encoding   

  12  0:00  SCV  
  13  0:13  SCV  
  14  0:17  Supply Depot  
  14  0:25  SCV  
  15  0:39  SCV  
  15  0:41  Barracks  
  16  0:44  Refinery  
  16  0:51  SCV  
  17  1:03  SCV  
  18  1:15  SCV  
  19  1:28  Reaper, Orbital Command  
  20  1:39  Command Center  
  20  1:45  Refinery  
  20  1:54  SCV  
  21  1:55  Supply Depot  
  21  2:00  Barracks Reactor  
  21  2:06  SCV  
  22  2:18  SCV  
  22  2:20  Factory  
  23  2:30  SCV  
  23  2:37  Marine x2  
  24  2:42  SCV  
  27  2:51  Orbital Command  
  27  2:54  SCV  
  28  3:06  SCV, Starport  
  28  3:11  Hellion x2  
  33  3:17  Supply Depot, Barracks Tech Lab  
  33  3:18  SCV x2  
  35  3:25  Liberator  
  35  3:30  SCV x2  
  35  3:33  Hellion x2  
  41  3:42  SCV  
  41  3:43  SCV  
  41  3:46  Armory  
  46  3:54  Supply Depot  
  46  3:56  Hellion  
  46  3:57  Hellion  
  46  3:58  SCV  
  46  4:00  SCV  
  52  4:10  SCV  
  52  4:12  SCV  
  54  4:17  Hellion  
  54  4:18  Supply Depot, Hellion  
  54  4:22  Liberator  
  58  4:24  SCV x2  
  60  4:37  Command Center  
  60  4:40  SCV  
  64  4:46  Hellion x2  
  68  4:58  SCV x2  
  65  5:03  Marauder  
  63  5:10  SCV x2  
  63  5:12  Hellion  
  65  5:22  SCV x2  
  67  5:29  Marauder  
  67  5:34  SCV  
  67  5:35  SCV  
  69  5:46  Hellion  
  69  5:47  SCV  
  69  5:48  SCV  
  69  5:49  Hellion  
  69  5:58  Marauder  
  69  5:59  SCV  
  69  6:00  SCV, Barracks  
  69  6:01  Barracks  
  71  6:11  SCV  
  71  6:12  SCV  

Tags
 
Add a new tag
Caveats
  • Supply blocks, unpowered buildings, or Contaminate may cause inaccurate times.
  • Supply counts are checked every 10 seconds.